Map: King's Cove LE

Players

liquidthermy (uThermal) - Winner!

  • Race: Terran Terran
  • Spawn Location: 5:00

SouLeer

  • Race: Zerg Zerg
  • League: Master
  • Spawn Location: 11:00

Event: HomeStory Cup XIX

VOD

Have the link to the VOD?

Description

Time

  • Played on: June 27, 2019, 11:44 a.m.
  • Length: 12:05

All games in this series

Show
View Real Time Build Order
Export as new Build Order

liquidthermy Terran - Winner!

Build Orders:  

Get SALT Encoding   

  12  0:01  SCV  
  13  0:14  SCV  
  14  0:18  Supply Depot  
  14  0:26  SCV  
  15  0:39  SCV  
  15  0:40  Barracks  
  16  0:44  Refinery  
  16  0:52  SCV  
  17  1:02  Barracks  
  17  1:05  SCV  
  18  1:17  SCV  
  19  1:28  Reaper  
  19  1:29  Orbital Command  
  20  1:37  Barracks  
  20  1:43  Refinery  
  20  1:49  Reaper  
  21  1:56  Supply Depot  
  21  2:02  SCV  
  21  2:04  Reaper  
  23  2:18  SCV  
  23  2:21  Reaper  
  25  2:28  Reaper  
  26  2:31  SCV  
  26  2:32  Supply Depot  
  26  2:36  Reaper  
  28  2:45  SCV  
  29  2:53  Reaper  
  30  2:59  Command Center  
  30  3:00  Reaper  
  30  3:08  Reaper  
  30  3:09  SCV  
  31  3:22  SCV  
  31  3:26  Engineering Bay  
  33  3:34  Barracks Tech Lab, SCV  
  33  3:39  Factory  
  34  3:44  Marine x2  
  34  3:47  SCV  
  36  3:58  Marine  
  36  3:59  Stimpack  
  36  4:01  SCV, Terran Infantry Weapons Level 1  
  36  4:02  Marine  
  39  4:11  Marine  
  39  4:12  Orbital Command  
  39  4:14  SCV  
  41  4:18  Marine  
  41  4:19  Marine  
  43  4:26  SCV  
  43  4:29  Starport  
  43  4:30  Factory Reactor  
  44  4:35  Marine  
  44  4:37  Marine  
  47  4:38  SCV x2  
  47  4:42  Marine  
  47  4:43  Supply Depot  
  49  4:50  SCV x2  
  51  4:53  Marine  
  51  4:55  Marine  
  51  4:59  Supply Depot  
  50  5:02  Marine, SCV  
  50  5:03  SCV  
  53  5:11  Marine  
  53  5:12  Medivac x2  
  58  5:14  SCV  
  58  5:15  Marine, SCV  
  61  5:21  Supply Depot  
  61  5:26  Barracks Reactor  
  61  5:27  SCV  
  62  5:29  Marine  
  62  5:33  Command Center  
  62  5:34  SCV  
  64  5:37  Factory Tech Lab  
  64  5:39  SCV  
  64  5:41  Refinery  
  65  5:46  SCV  
  66  5:50  Barracks Reactor  
  66  5:51  SCV  
  66  5:53  Refinery  
  66  5:56  Terran Infantry Armor Level 1  
  67  5:59  Barracks, SCV  
  67  6:00  Barracks  
  67  6:03  Marine x2  
  70  6:09  Marine, SCV  
  72  6:17  Siege Tank  
  72  6:18  SCV  
  76  6:20  Marine x2  
  76  6:23  SCV  
  75  6:27  Marine x3  
  75  6:30  SCV  
  68  6:38  Marine x2  
  68  6:39  SCV  
  69  6:45  Marine x3  
  72  6:47  Barracks Reactor x2  
  72  6:48  Engineering Bay, Armory  
  72  6:50  SCV  
  73  6:56  Marine x2  
  73  6:58  SCV  
  73  7:00  Siege Tank  
  78  7:02  Marine  
  78  7:03  Marine x2, SCV  
  82  7:10  SCV  
  82  7:14  Marine x2, Medivac  
  82  7:15  Supply Depot  
  87  7:17  SCV  
  87  7:21  Orbital Command  
  88  7:24  Marine x2  
  88  7:27  SCV  
  91  7:31  SCV  
  91  7:34  Supply Depot  
  91  7:35  Marine  
  93  7:37  Supply Depot  
  93  7:38  Marine  
  93  7:39  Marine  
  93  7:40  SCV  
  96  7:45  Terran Infantry Weapons Level 2  
  96  7:46  SCV  
  96  7:47  SCV  
  96  7:48  Marine  
  96  7:50  Marine  
  100  7:52  SCV  
  100  7:58  SCV  
  102  7:59  Marine x4  
  102  8:02  Marine  
  102  8:03  Siege Tank, Marine  
  102  8:04  SCV  
  111  8:07  Supply Depot  
  111  8:09  Supply Depot, Medivac  
  111  8:11  Medivac  
  115  8:13  Marine  
  115  8:14  Marine  
  115  8:16  Marine  
  115  8:17  Marine  
  115  8:19  Terran Infantry Armor Level 2  
  117  8:27  Terran Vehicle Weapons Level 1  
  117  8:28  Marine x3  
  117  8:29  Marine  
  117  8:30  Supply Depot  
  117  8:31  Marine x2  
  117  8:33  Marine  
  124  8:35  Siege Tank, Marine, Supply Depot  
  124  8:37  Marine  
  124  8:39  Medivac  
  131  8:42  Supply Depot  
  131  8:46  Marine x2  
  133  8:51  Marine x4  
  133  8:55  Medivac  
  139  8:57  Marine  
  140  9:04  Marine  
  140  9:05  Marine  
  140  9:07  Siege Tank, Supply Depot  
  145  9:11  Barracks x3, Marine x2  
  145  9:16  Marine x2, Medivac  
  149  9:17  Marine x2  
  149  9:18  Marine  
  149  9:22  Marine x2  
  152  9:28  Marine  
  152  9:29  Marine  
  152  9:30  Medivac  
  150  9:34  Marine x2  
  150  9:35  Marine x2  
  150  9:36  Marine  
  144  9:40  Marine x2  
  143  9:46  Marine x2, Medivac  
  143  9:47  Siege Tank  
  143  9:52  Marine x2  
  150  9:53  Marine x2  
  150  9:54  Marine  
  150  9:58  Marine x2  
  155  10:00  Combat Shield  
  155  10:03  Barracks Reactor, Supply Depot  
  155  10:04  Barracks Reactor  
  155  10:05  Barracks Reactor  
  155  10:08  Marine  
  155  10:11  Command Center  
  155  10:14  Supply Depot  
  156  10:15  Marine  
  156  10:19  Siege Tank, Marine  
  156  10:20  Marine x2  
  163  10:23  Marine  
  163  10:25  Marine  
  164  10:34  Marine  
  164  10:35  Marine x3  
  165  10:39  Marine  
  155  10:44  Marine  
  155  10:46  Marine x2, Medivac  
  155  10:47  Marine  
  150  10:50  Marine x3  
  150  10:53  Marine x2  
  150  10:55  Marine  
  146  10:58  Marine x2  
  146  11:01  SCV x3  
  146  11:02  Marine  
  152  11:08  Marine  
  152  11:09  Marine x2  
  153  11:13  Marine x3, SCV x2  
  153  11:14  Marine  
  157  11:18  Marine  
  157  11:23  Medivac  
  143  11:29  Marine  
  124  11:32  Marine  
  124  11:33  Siege Tank  
  124  11:34  Marine x2  
  124  11:36  Marine  
  124  11:37  Marine  
  123  11:41  Marine  
  123  11:42  Marine  
  123  11:45  Marine  
Show
View Real Time Build Order
Export as new Build Order

SouLeer Zerg 

Build Orders: Hatch First 

Get SALT Encoding   

  12  0:00  Drone  
  13  0:12  Overlord  
  13  0:18  Drone  
  14  0:30  Drone x2  
  16  0:50  Hatchery  
  16  0:53  Drone  
  16  0:56  Drone  
  17  1:00  Drone  
  18  1:10  Extractor  
  17  1:16  Spawning Pool  
  16  1:18  Drone  
  16  1:22  Drone  
  18  1:28  Drone  
  19  1:39  Drone  
  20  1:49  Overlord  
  20  2:02  Queen x2  
  20  2:03  Zergling x4  
  26  2:11  Metabolic Boost  
  26  2:14  Drone  
  27  2:26  Roach Warren  
  26  2:33  Overlord  
  26  2:34  Zergling x4  
  26  3:06  Roach  
  26  3:07  Roach x3  
  26  3:09  Drone x3  
  36  3:15  Drone x3  
  36  3:19  Drone  
  39  3:21  Drone  
  39  3:25  Drone  
  41  3:30  Drone  
  43  3:34  Ravager  
  43  3:36  Drone  
  44  3:43  Overlord  
  44  3:45  Extractor  
  43  3:54  Zergling x2  
  44  4:00  Queen x2  
  48  4:03  Roach  
  50  4:10  Ravager  
  50  4:11  Drone  
  50  4:13  Overlord  
  50  4:14  Overlord  
  51  4:37  Hatchery, Ravager  
  50  4:39  Drone x6  
  50  4:42  Extractor, Ravager  
  50  4:44  Roach  
  58  4:48  Overlord  
  58  4:54  Overlord  
  58  5:00  Drone  
  58  5:05  Evolution Chamber  
  58  5:10  Drone  
  58  5:12  Drone x4  
  63  5:16  Lair  
  64  5:21  Drone  
  64  5:23  Zergling x2, Baneling Nest  
  64  5:26  Zergling x2  
  65  5:32  Zerg Melee Weapons Level 1  
  65  5:35  Drone, Evolution Chamber  
  65  5:37  Drone  
  65  5:39  Drone  
  65  5:41  Evolution Chamber  
  65  5:42  Zergling x2  
  68  5:45  Zergling x4  
  68  5:48  Zergling x2  
  71  5:51  Zergling x4  
  73  6:00  Zergling x10  
  78  6:05  Overlord  
  78  6:08  Zerg Ground Armor Level 1  
  78  6:13  Zergling x2  
  78  6:14  Zergling x4  
  78  6:15  Zergling x2  
  78  6:17  Zergling x4  
  75  6:26  Zergling x6  
  75  6:32  Glial Reconstitution  
  68  6:33  Drone x2  
  68  6:35  Drone  
  68  6:36  Centrifical Hooks  
  68  6:38  Drone  
  70  6:40  Drone  
  70  6:43  Drone x2  
  70  6:47  Queen  
  72  6:51  Drone x2  
  72  6:53  Drone  
  72  6:54  Drone  
  78  6:56  Drone  
  78  6:59  Drone x2  
  80  7:03  Queen  
  80  7:08  Drone x3  
  85  7:12  Drone x2  
  85  7:14  Overlord  
  86  7:16  Drone x2  
  86  7:21  Extractor  
  87  7:25  Zergling x4  
  87  7:29  Overlord  
  89  7:33  Zergling x4  
  89  7:34  Zerg Melee Weapons Level 2  
  89  7:35  Zergling x2  
  89  7:36  Zergling x4  
  94  7:38  Zergling x2  
  95  7:45  Baneling x4  
  95  7:48  Zergling x6  
  95  7:49  Hatchery  
  97  7:53  Baneling x2  
  97  7:56  Zergling x6  
  98  7:58  Zergling x2  
  98  7:59  Zergling x2  
  98  8:01  Zergling x2  
  99  8:07  Zergling x4  
  99  8:08  Zergling x4  
  103  8:15  Zergling x6  
  103  8:17  Overlord x2  
  105  8:23  Overlord  
  105  8:26  Overlord  
  105  8:32  Overlord x2  
  105  8:36  Roach  
  105  8:37  Roach x6  
  105  8:40  Baneling  
  105  8:41  Baneling x7  
  119  8:43  Baneling x4  
  119  8:45  Roach x2  
  122  8:49  Roach  
  122  8:54  Roach  
  126  8:57  Roach x4  
  126  8:59  Roach x4  
  140  9:03  Roach x2  
  140  9:08  Roach x3  
  150  9:14  Roach x3  
  155  9:19  Roach  
  155  9:23  Roach x2  
  159  9:25  Roach  
  159  9:31  Overlord  
  160  9:32  Overlord  
  160  9:36  Overlord  
  160  9:37  Zergling x4  
  159  9:39  Overlord  
  159  9:41  Overlord  
  152  9:47  Zergling x10  
  157  9:54  Zergling x2  
  157  9:55  Zergling x10  
  163  10:00  Ravager  
  163  10:01  Ravager x2  
  163  10:02  Ravager  
  163  10:03  Zergling x2, Ravager  
  163  10:04  Zergling x6  
  172  10:09  Zergling x2  
  172  10:10  Zergling x8  
  172  10:11  Baneling x3  
  172  10:14  Ravager x3  
  180  10:17  Roach x2  
  184  10:22  Roach x3  
  184  10:27  Zergling x4  
  192  10:30  Overlord  
  192  10:34  Overlord  
  192  10:35  Overlord  
  192  10:39  Zergling x10  
  181  10:48  Zergling x2  
  181  10:49  Zergling x8  
  163  10:54  Zergling x6  
  154  10:59  Zergling x2  
  154  11:00  Baneling, Zergling x4  
  154  11:01  Baneling  
  154  11:04  Baneling x3  
  156  11:09  Zergling x2  
  156  11:10  Zergling x4  
  153  11:14  Zergling x4  
  155  11:19  Zergling x4  
  139  11:26  Zergling x4  
  139  11:29  Zergling x2  
  114  11:34  Zergling x2  
  108  11:42  Zergling x2  
Tags
 
Add a new tag
Caveats
  • Supply blocks, unpowered buildings, or Contaminate may cause inaccurate times.
  • Supply counts are checked every 10 seconds.